 Dungeon Crawl Stone Soup version 0.21.1-1-g345015fe64 (webtiles) character file.

32698 Peloso the Fencer (level 13, -2/116 HPs)
             Began as a Minotaur Fighter on June 28, 2018.
             Was the Champion of Okawaru.
             Slain by a great orb of eyes (7 damage)
             ... while paralysed by a great orb of eyes
             ... on level 13 of the Dungeon.
             The game lasted 00:34:18 (15751 turns).

Peloso the Fencer (Minotaur Fighter)               Turns: 15751, Time: 00:34:18

Health: -2/116     AC: 21    Str: 18    XL:     13   Next: 32%
Magic:  9/12       EV:  2    Int:  5    God:    Okawaru [******]
Gold:   760        SH:  0    Dex: 13    Spells: 12/12 levels left

rFire    . . .     SeeInvis .   E - +2 double sword (elec)
rCold    . . .     Gourm    +   c - +0 shield
rNeg     + + +     Faith    .   n - +7 chain mail of the Untouchables {rN+++ Str-5 Int-5 Slay+4}
rPois    .         Spirit   .   (helmet restricted)
rElec    .         Reflect  .   M - scarf {cloud immunity}
rCorr    .         Harm     .   (no gloves)
MR       .....                  y - +0 pair of boots
Stlth    ..........             e - amulet of the gourmand
HPRegen  0.29/turn              r - +5 ring of intelligence
MPRegen  0.13/turn              (no ring)

@: paralysed
A: retaliatory headbutt, horns 2
a: Heroism, Finesse, Renounce Religion


You were on level 13 of the Dungeon.
You worshipped Okawaru.
Okawaru was exalted by your worship.
You were very full.

You visited 2 branches of the dungeon, and saw 14 of its levels.

You collected 760 gold pieces.

Inventory:

Hand Weapons
 a - a +2 falchion of flaming
 E - a +2 double sword of electrocution (weapon)
 J - a +2 long sword
 K - a +1 falchion of electrocution
 N - a +3 long sword
Armour
 c - a +0 shield (worn)
 n - the +7 chain mail of the Untouchables (worn) {rN+++ Str-5 Int-5 Slay+4}
   (Okawaru gifted it to you on level 11 of the Dungeon)

   It affects your strength (-5).
   It affects your intelligence (-5).
   It affects your accuracy and damage with ranged weapons and melee attacks
   (+4).
   It renders you almost immune to negative energy.
 x - +0 acid dragon scales
 y - a +0 pair of boots (worn)
 D - a +0 cloak
 M - a scarf of cloud immunity (worn)
Jewellery
 e - an amulet of the gourmand (around neck)
 k - an uncursed ring of ice
 r - a +5 ring of intelligence (left hand)
Wands
 b - a wand of random effects (27)
 q - a wand of iceblast (13)
 v - a wand of paralysis (9)
 w - a wand of clouds (6)
 A - a wand of scattershot (5)
 F - a wand of acid (14)
 O - a wand of polymorph (6)
Scrolls
 g - 6 scrolls of teleportation
 h - 4 scrolls of fog
 i - 6 scrolls of identify
 m - 4 scrolls of remove curse
 s - a scroll of acquirement
 u - a scroll of enchant armour {unknown}
 z - 3 scrolls of amnesia
 B - a scroll of blinking
 H - 2 scrolls of fear
Potions
 d - 3 potions of might
 j - 3 potions of ambrosia
 l - 3 potions of cancellation
 o - a potion of agility
 p - 3 potions of haste
 t - 5 potions of curing
 G - a potion of heal wounds {unknown}
 L - a potion of brilliance {unknown}
Books
 C - a book of Geomancy

   Spells                             Type                      Level
   a - Sandblast                      Earth                        1
   b - Passwall                       Transmutation/Earth          2
   c - Stone Arrow                    Conjuration/Earth            3
   d - Petrify                        Transmutation/Earth          4
   e - Lee's Rapid Deconstruction     Earth                        5
 I - a book of Frost

   Spells                             Type                      Level
   a - Freeze                         Ice                          1
   b - Throw Frost                    Conjuration/Ice              2
   c - Ozocubu's Armour               Charms/Ice                   3
   d - Throw Icicle                   Conjuration/Ice              4
   e - Summon Ice Beast               Ice/Summoning                4
Comestibles
 f - 23 rations


   Skills:
 + Level 11.4 Fighting
 + Level 15.3 Long Blades
 + Level 13.0 Armour
 + Level 5.1 Dodging
 + Level 1.0 Stealth
 + Level 13.5 Shields
 + Level 0.7 Invocations
 + Level 0.6 Evocations


You had 12 spell levels left.
You didn't know any spells.

Dungeon Overview and Level Annotations

Branches:
Dungeon (13/15)            Temple (1/1) D:4            Lair (0/6) D:9
    Orc (0/2) D:11         Vaults (0/5) D:13

Altars:
Ashenzari
Hepliaklqana
Kikubaaqudgha
Nemelex Xobeh
Okawaru
Qazlal
Sif Muna
Uskayaw
The Shining One

Shops:
D:10 !

Annotations:
D:10 exclusions: obsidian statue and orange crystal statue


Innate Abilities, Weirdness & Mutations

You reflexively headbutt those who attack you in melee.
You have a pair of horns on your head.


Message History

The great orb of eyes bites you!
* * * LOW HITPOINT WARNING * * *
You slash the great orb of eyes!
The great orb of eyes is moderately wounded.
The great orb of eyes gazes at you.
You suddenly lose the ability to move!
The great orb of eyes gazes at you. You resist with significant effort.
The great orb of eyes gazes at you.
You feel your power leaking away. The great orb of eyes bites you.
* * * LOW HITPOINT WARNING * * *
The great orb of eyes bites you!
* * * LOW HITPOINT WARNING * * *
The great orb of eyes bites you.
* * * LOW HITPOINT WARNING * * *
The great orb of eyes gazes at you.
You shrug off the repeated paralysis!
The great orb of eyes bites you!
You die...

..).....# #..........#
...###### #######...##
...###.############...##
.........#.............#
..>).....#.............#
.........#.............#
.........#......)......#
.....))..#......G).....#
######'########.@##.####
####.####..##..##.###
#....#.......(........
..#.>..#..).............
..'....#..)(†...........
..#....'................
#.###..####..###..#######
# #..# #### #..# #...
.....


You could see a great orb of eyes.

Vanquished Creatures
  Rupert (D:12)
  Kirke (D:12)
  Josephine (D:12)
  4 vault guards
  2 hydras (D:11)
  2 tengu warriors
  A two-headed ogre (D:12)
  3 unseen horrors
  4 ugly things
  A manticore (D:13)
  4 cyclopes
  A centaur zombie (D:13)
  Joseph (D:8)
  2 freezing wraiths (D:13)
  A kobold demonologist (D:12)
  A komodo dragon (D:13)
  2 trolls
  2 slime creatures (D:13)
  A hornet (D:10)
  2 hippogriffs
  2 shadows
  2 wyverns
  17 yaks
  Eustachio (D:4)
  7 wraiths
  4 basilisks
  A hungry ghost (D:12)
  A vampire mosquito (D:13)
  A hog (D:12)
  An acid dragon (D:11)
  4 porcupines (D:9)
  A hornet zombie (D:10)
  6 sky beasts
  6 orc warriors
  2 black bears
  A necrophage (D:13)
  An eye of draining (D:12)
  2 ice beasts (D:10)
  A phantom (D:11)
  14 ogres
  2 wolves
  3 crocodiles
  4 centaurs
  6 big kobolds
  11 bullfrogs
  2 gnoll sergeants (D:11)
  A wyvern skeleton (D:13)
  2 scorpions
  A water moccasin skeleton (D:5)
  17 killer bees
  3 howler monkeys
  18 wights
  An electric eel (D:8)
  6 crimson imps
  A quasit (D:11)
  A bullfrog zombie (D:10)
  10 hounds
  An orc priest (D:12)
  A gnoll shaman (D:7)
  2 jellies
  2 bullfrog skeletons
  Ijyb (D:4)
  6 iguanas
  5 orc wizards
  13 worker ants
  19 gnolls
  9 adders
  A shadow imp (D:6)
  3 worms
  2 dart slugs
  The ghost of Sapher the Grave Robber, a weakling VSNe (D:3)
  4 leopard geckos
  42 orcs
  8 bats
  7 giant cockroaches
  44 goblins
  33 hobgoblins
  7 jackals
  6 quokkas
  A frilled lizard (D:5)
  A giant cockroach zombie (D:6)
  5 goblin skeletons (D:5)
  A goblin zombie (D:5)
  3 hobgoblin zombies (D:5)
  20 kobolds
  A kobold skeleton (D:5)
  A leopard gecko skeleton (D:9)
  A quokka zombie (D:7)
  5 rats
457 creatures vanquished.

Vanquished Creatures (others)
  2 humans (D:12)
  A bush (D:9)
  3 plants
6 creatures vanquished.

Grand Total: 463 creatures vanquished

Notes
Turn   | Place    | Note
-------+----------+-------------------------------------------
     0 | D:1      | Peloso the Minotaur Fighter began the quest for the Orb.
     0 | D:1      | Reached XP level 1. HP: 19/19 MP: 0/0
    38 | D:1      | Reached XP level 2. HP: 10/27 MP: 1/1
   603 | D:1      | Reached XP level 3. HP: 33/33 MP: 2/2
   780 | D:2      | Reached skill level 3 in Long Blades
  1082 | D:2      | Reached XP level 4. HP: 40/40 MP: 3/3
  1493 | D:2      | You fall through a shaft for 2 floors!
  1493 | D:4      | Noticed an ogre
  1513 | D:5      | Entered Level 5 of the Dungeon
  1513 | D:5      | Noticed a centaur
  1516 | D:5      | Reached skill level 4 in Long Blades
  1527 | D:5      | HP: 1/40 [centaur (2)]
  1528 | D:5      | Killed a centaur
  1528 | D:5      | Reached XP level 5. HP: 2/46 MP: 4/4
  1841 | D:4      | Found a staircase to the Ecumenical Temple.
  1857 | D:4      | Reached skill level 5 in Shields
  1867 | Temple   | Entered the Ecumenical Temple
  1874 | Temple   | Became a worshipper of Warmaster Okawaru
  2028 | D:3      | Noticed Sapher's ghost (weakling VSNe)
  2032 | D:3      | Killed Sapher's ghost
  2283 | D:3      | Reached XP level 6. HP: 48/53 MP: 5/5
  2366 | D:3      | Reached skill level 1 in Dodging
  2366 | D:3      | Reached skill level 5 in Armour
  2464 | D:3      | Reached skill level 5 in Long Blades
  3561 | D:4      | Reached XP level 7. HP: 60/60 MP: 6/6
  3616 | D:4      | Noticed Eustachio
  3618 | D:4      | Noticed Ijyb
  3625 | D:4      | Killed Ijyb
  3664 | D:4      | Killed Eustachio
  3664 | D:4      | Reached * piety under Okawaru
  3664 | D:4      | Reached skill level 6 in Long Blades
  3930 | D:4      | Reached skill level 5 in Fighting
  4310 | D:5      | Found a glowing golden altar of the Shining One.
  4620 | D:5      | Reached XP level 8. HP: 62/68 MP: 7/7
  4725 | D:5      | Reached ** piety under Okawaru
  4725 | D:5      | Reached skill level 7 in Long Blades
  4776 | D:5      | Found an iron altar of Okawaru.
  5140 | D:6      | Found an ancient bone altar of Kikubaaqudgha.
  5183 | D:6      | Reached skill level 8 in Long Blades
  5328 | D:6      | HP: 1/70 [ogre/giant club (19)]
  5331 | D:6      | Reached *** piety under Okawaru
  5331 | D:6      | Reached XP level 9. HP: 1/75 MP: 8/8
  6050 | D:7      | Reached skill level 9 in Long Blades
  6854 | D:8      | Reached skill level 10 in Long Blades
  7003 | D:8      | Reached **** piety under Okawaru
  7262 | D:8      | Noticed Joseph
  7275 | D:8      | Killed Joseph
  7275 | D:8      | Reached XP level 10. HP: 67/86 MP: 9/9
  7497 | D:9      | Found a staircase to the Lair.
  8123 | D:9      | Reached skill level 11 in Long Blades
  8249 | D:9      | Found a sparkling altar of Nemelex Xobeh.
  8402 | D:9      | Found a deep blue altar of Sif Muna.
  8822 | D:9      | Identified a scroll of acquirement
  8845 | D:10     | Entered Level 10 of the Dungeon
  8863 | D:10     | Reached ***** piety under Okawaru
  8874 | D:10     | Noticed an orange crystal statue
  8964 | D:10     | Found Xulaamew's Distillery.
  8992 | D:10     | Noticed an obsidian statue
  9454 | D:10     | Reached skill level 10 in Shields
  9485 | D:10     | Killed an unseen horror
  9485 | D:10     | Reached skill level 10 in Armour
 10076 | D:10     | Found a deep blue altar of Sif Muna.
 10339 | D:11     | Noticed a six-headed hydra
 10350 | D:11     | Noticed a tengu warrior
 10360 | D:11     | Killed a one-headed hydra
 10360 | D:11     | Reached XP level 11. HP: 50/94 MP: 10/10
 10369 | D:11     | Noticed a tengu warrior
 10372 | D:11     | Killed a tengu warrior
 10374 | D:11     | Received a gift from Okawaru
 10845 | D:10     | Killed a tengu warrior
 10969 | D:11     | Reached skill level 12 in Long Blades
 11390 | D:11     | Killed an unseen horror
 11410 | D:11     | Noticed a purple ugly thing
 11421 | D:11     | Killed a purple ugly thing
 11438 | D:11     | Found a staircase to the Orcish Mines.
 11970 | D:11     | Noticed a six-headed hydra
 11984 | D:11     | Killed a two-headed hydra
 12024 | D:11     | Received a gift from Okawaru
 12040 | D:11     | Got a jewelled chain mail {god gift}
 12046 | D:11     | Identified the +7 chain mail of the Untouchables {rN+++ Str-5 Int-5 Slay+4} (Okawaru gifted it to you on level 11 of the Dungeon)
 12437 | D:11     | You fall through a shaft for 2 floors!
 12557 | D:12     | Noticed Kirke
 12574 | D:12     | Killed Kirke
 12574 | D:12     | Reached skill level 13 in Long Blades
 12574 | D:12     | Reached XP level 12. HP: 79/105 MP: 9/11
 13130 | D:12     | Reached skill level 10 in Fighting
 13224 | D:12     | Noticed Josephine
 13232 | D:12     | Killed Josephine
 13232 | D:12     | Reached skill level 14 in Long Blades
 13570 | D:12     | Reached ****** piety under Okawaru
 13632 | D:12     | Noticed Rupert
 13636 | D:12     | Paralysed by Rupert for 2 turns
 13660 | D:12     | Killed Rupert
 14143 | D:13     | Noticed a vault guard
 14146 | D:13     | Noticed a vault guard
 14149 | D:13     | Noticed a vault guard
 14151 | D:13     | Found a gate to the Vaults.
 14152 | D:13     | Noticed a two-headed ogre
 14154 | D:13     | Noticed a vault guard
 14483 | D:11     | Killed a vault guard
 14483 | D:11     | Received a gift from Okawaru
 14483 | D:11     | Reached skill level 1 in Stealth
 14491 | D:11     | Killed a vault guard
 14587 | D:12     | Killed a two-headed ogre
 14863 | D:12     | Killed a vault guard
 14863 | D:12     | Reached XP level 13. HP: 88/116 MP: 12/12
 15456 | D:13     | Reached skill level 5 in Dodging
 15461 | D:13     | Reached skill level 15 in Long Blades
 15744 | D:13     | Paralysed by a great orb of eyes for 7 turns
 15748 | D:13     | HP: 5/116 [great orb of eyes (7)]
 15751 | D:13     | Slain by a great orb of eyes

Skill      XL: |  1  2  3  4  5  6  7  8  9 10 11 12 13 |
---------------+----------------------------------------+-----
Shields        | 4 5 6 7 9 10 12 13 | 13.5
Armour         | 4 5 6 7 8 10 11 12 13 | 13.0
Long Blades    | 3 4 5 6 8 10 11 13 14 15 | 15.3
Fighting       | 4 5 6 7 8 9 11 | 11.4
Dodging        | 1 2 3 4 5 |  5.1
Stealth        | 1 |  1.0
Invocations    | |  0.7
Evocations     | |  0.6

Action                   |  1- 3 |  4- 6 |  7- 9 | 10-12 | 13-15 || total
-------------------------+-------+-------+-------+-------+-------++-------
Melee: Long sword        |    62 |   238 |    37 |       |       ||   337
       Headbutt          |     6 |    43 |    66 |   135 |    21 ||   271
       Falchion          |       |       |   366 |   304 |       ||   670
       Double sword      |       |       |       |   326 |   111 ||   437
Invok: Heroism           |       |       |       |     5 |       ||     5
Evoke: Wand              |       |       |     2 |       |       ||     2
  Use: Scroll            |       |     6 |     7 |     5 |       ||    18
       Potion            |       |       |       |     1 |       ||     1
  Eat: Chunk             |     9 |     7 |     9 |    30 |     1 ||    56
       Ration            |       |       |       |     1 |       ||     1
Armor: Scale mail        |    41 |    95 |       |       |       ||   136
       Chain mail        |       |     3 |   110 |   166 |    42 ||   321
       Plate armour      |       |       |    52 |   298 |       ||   350
Dodge: Dodged            |    22 |    93 |    81 |   204 |    37 ||   437
Block: Shield            |    48 |   188 |   211 |   446 |    65 ||   958
       Rpst.: Long sword |     5 |    23 |     2 |       |       ||    30
       Falchion          |       |       |    23 |    24 |       ||    47
       Double sword      |       |       |       |    33 |     9 ||    42
